 Dungeon Crawl Stone Soup version 0.31-a0-236-g9a0961fb85 (webtiles) character file.

Game seed: 8795367634278078878

214 qw the Shooter (level 5, -9/46 HPs)
             Began as a Minotaur Hexslinger on July 9, 2023.
             Killed from afar by an acid dragon (27 damage)
             ... with a splash of acid
             ... on level 4 of the Dungeon.
             The game lasted 00:01:07 (2617 turns).

qw the Shooter (Minotaur Hexslinger)                Turns: 2617, Time: 00:01:08

Health: -9/46      AC: 10    Str: 12    XL:     5   Next: 60%
Magic:  5/5        EV: 11    Int: 17    God:
Gold:   64         SH:  0    Dex: 17    Spells: 5/6 levels left

rFire   + . .        Y - +1 sling
rCold   + . .        (no shield)
rNeg    . . .        k - +0 ring mail
rPois   .            (helmet restricted)
rElec   +            a - +1 cloak "Ydum" {rElec Int+7 Dex+2}
rCorr   .            g - +2 pair of gloves
SInv    .            (no boots)
Will    .....        (no amulet)
Stlth   +            d - ring of protection from fire
HPRegen 0.27/turn    h - ring of protection from cold
MPRegen 0.09/turn

%: no passive effects
@: no status effects
A: horns 2, retaliatory headbutt
a: no special abilities


You were on level 4 of the Dungeon.
You visited 1 branch of the dungeon, and saw 4 of its levels.

You collected 184 gold pieces.
You spent 120 gold pieces at shops.


Innate Abilities, Weirdness & Mutations

You have a pair of horns on your head.
You reflexively headbutt those who attack you in melee.


   Skills:
 - Level 3.7 Fighting
 + Level 5.1 Ranged Weapons
 - Level 2.1 Armour
 - Level 2.1 Dodging
 - Level 1.0 Spellcasting
 - Level 2.0 Hexes


You had 5 spell levels left.
You knew the following spells:

 Your Spells              Type           Power      Damage    Failure   Level
a - Slow                  Hex            28%        N/A       21%         1

Your spell library contained the following spells:

 Spells                   Type           Power      Damage    Failure   Level
 Inner Flame              Hex/Fire       4%         N/A       67%         3
 Portal Projectile        Hex/Tloc       8%         N/A       67%         3
 Cause Fear               Hex            3%         N/A       90%         4

Inventory:

Hand Weapons
 Y - a +1 sling (weapon)
Armour
 a - the +1 cloak "Ydum" (worn) {rElec Int+7 Dex+2}
   (You found it on level 3 of the Dungeon)

   Int:       It affects your intelligence (+7).
   Dex:       It affects your dexterity (+2).
   rElec:     It insulates you from electricity.
 g - a +2 pair of gloves (worn)
 k - a +0 ring mail (worn)
Jewellery
 d - a ring of protection from fire (left hand)
 h - a ring of protection from cold (right hand)
 s - a ring of protection from cold
Scrolls
 c - a scroll of noise {unknown}
 o - 2 scrolls of identify
 p - a scroll of teleportation
Potions
 b - a potion of enlightenment {unknown}
 f - a potion of ambrosia {unknown}
 i - a potion of curing
 j - a potion of resistance {unknown}
 l - a potion of brilliance {unknown}
 m - a potion of mutation {unknown}
 n - a potion of haste
 t - a potion of cancellation
 u - 2 potions of degeneration {unknown}

Dungeon Overview and Level Annotations

Branches:
Dungeon (4/15)
 Temple: D:4-7

Altars:
Trog
Uskayaw

Shops:
D:3 *


Message History

The acid dragon bites you. The acid dragon claws you.
You shoot a sling bullet.
The sling bullet barely misses the acid dragon.
An orc comes into view. It is wielding a +0 hand axe.
The acid dragon barely misses you. The acid dragon closely misses you.
You shoot a sling bullet. The orc shouts!
The sling bullet hits the acid dragon.
The acid dragon is moderately wounded.
The acid dragon spits acid at you. The splash of acid hits you!
You hear a shout!
You shoot a sling bullet.
The sling bullet barely misses the acid dragon.
The acid dragon bites you but does no damage.
The acid dragon claws you.
An orc comes into view. It is wielding a +0 short sword.
The acid dragon bites you. The acid dragon barely misses you.
You shoot a sling bullet.
The sling bullet barely misses the acid dragon.
The orc hits you but does no damage.
An orc wizard comes into view. It is wielding a +0 dagger.
The acid dragon barely misses you. You furiously retaliate!
You headbutt the acid dragon, but do no damage.
The acid dragon claws you but does no damage.
You shoot a sling bullet.
The sling bullet hits the acid dragon but does no damage.
The acid dragon is moderately wounded.
The orc barely misses you. You furiously retaliate!
You headbutt the orc. The acid dragon barely misses you.
The acid dragon claws you.
You shoot a sling bullet. The sling bullet hits the acid dragon.
The acid dragon is heavily wounded.
The acid dragon barely misses you. You furiously retaliate!
You headbutt the acid dragon! The acid dragon claws you.
You shoot a sling bullet.
The sling bullet closely misses the acid dragon.
The acid dragon spits acid at you. The splash of acid hits you!!
Ouch! That really hurt!
You die...

.##...###..#####.........#####...
............###.........#.###....
####......###...................
# ##...............o...........
## ##.......##..................
.####....#..## ....o.............
..#........## #.............##..
..#....###..####oo........#...#.#
....##.# #......@D.........#..###
.....### ##.....#..........##...#
#.#..# #####...####.... #.[<[.
###...# ###......## . ##)#..
##...##...#...## ....#[.##) ##
#.......##...# ........... .#
##.......###..# ...........
######......## .... ...........
............##<...... .....##....


You could see an acid dragon (catching breath), an orc wizard and 3 orcs.

Vanquished Creatures
  A scorpion (D:4)
  An iguana (D:2)
  4 adders
  A gnoll (D:4)
  2 dart slugs (D:1)
  8 orcs
  A bat (D:1)
  6 endoplasms
  3 giant cockroaches
  7 hobgoblins
  6 jackals
  4 kobolds
  3 quokkas
  6 ball pythons
  3 frilled lizards
  5 goblins
  5 rats
66 creatures vanquished.

Vanquished Creatures (others)
  A wizard (D:3)
1 creature vanquished.

Grand Total: 67 creatures vanquished

Notes
Turn   | Place    | Note
-------+----------+-------------------------------------------
     0 | D:1      | qw the Minotaur Hexslinger began the quest for the Orb.
     0 | D:1      | Reached XP level 1. HP: 16/16 MP: 1/1
     0 | D:1      | 0 ||| qw: Version: 0.3-a-51-g015441d
     0 | D:1      | 0 ||| qw: Game counter: 4411
     0 | D:1      | 0 ||| qw: Melee chars always use a shield: true
     0 | D:1      | 0 ||| qw: God list: Okawaru
     0 | D:1      | 0 ||| qw: Allow faded altars: false
     0 | D:1      | 0 ||| qw: Do Orc after clearing Dungeon:15 true
     0 | D:1      | 0 ||| qw: Do second Lair branch before Depths: true
     0 | D:1      | 0 ||| qw: Lair rune preference: random
     0 | D:1      | 0 ||| qw: Goals: Normal
     0 | D:1      | 0 ||| PLANNING D:1-11
   142 | D:1      | Reached skill level 3 in Ranged Weapons
   142 | D:1      | Reached XP level 2. HP: 19/23 MP: 2/2
   785 | D:1      | 785 ||| UPGRADING to +2 pair of gloves.
   790 | D:1      | 790 ||| UPGRADING to +0 ring mail.
   800 | D:1      | 800 ||| DROPPING +0 robe.
   801 | D:1      | 801 ||| UPGRADING to ring of protection from fire.
   802 | D:1      | 802 ||| UPGRADING to ring of protection from cold.
   803 | D:1      | 803 ||| READING scroll labelled ICLAOC UXEE.
   804 | D:1      | 804 ||| READING scroll labelled DAQUHE POENK.
   809 | D:1      | 809 ||| DROPPING scroll of poison.
   867 | D:2      | Reached XP level 3. HP: 29/29 MP: 3/3
   900 | D:2      | Reached skill level 4 in Ranged Weapons
  1131 | D:2      | HP: 2/29 [iguana (6)]
  1133 | D:2      | Reached XP level 4. HP: 3/36 MP: 4/4
  1477 | D:2      | 1477 ||| DROPPING scarf of invisibility.
  1478 | D:2      | 1478 ||| READING scroll labelled QUKHLO UG VAMN.
  1479 | D:2      | 1479 ||| READING scroll labelled KEBLOW ILEUJOIL.
  1480 | D:2      | 1480 ||| READING scroll labelled QUTRUC RORUH.
  1481 | D:2      | 1481 ||| DRINKING 2 amethyst potions.
  1508 | D:3      | Identified the +1 cloak "Ydum" {rElec Int+7 Dex+2}
  1579 | D:3      | Found a faded altar of an unknown god.
  1645 | D:3      | Found Bease's Assorted Antiques.
  1655 | D:3      | 1655 ||| BUYING 2 scrolls labelled JISSOQUDGHE (42 gold).
  1655 | D:3      | Bought 2 scrolls labelled JISSOQUDGHE for 42 gold pieces
  1655 | D:3      | 1655 ||| BUYING black potion (18 gold).
  1655 | D:3      | Bought a black potion for 18 gold pieces
  1655 | D:3      | 1655 ||| BUYING ruby potion (18 gold).
  1655 | D:3      | Bought a ruby potion for 18 gold pieces
  1655 | D:3      | 1655 ||| BUYING scroll of identify (42 gold).
  1655 | D:3      | Bought a scroll of identify for 42 gold pieces
  1655 | D:3      | 1655 ||| SHOPLISTING scroll of teleportation (63 gold, have
                  | 11).
  1681 | D:3      | Found a hide-covered altar of Uskayaw.
  1983 | D:3      | Found a bloodstained altar of Trog.
  1985 | D:3      | Noticed a wizard
  1989 | D:3      | Killed a wizard
  2075 | D:3      | 2075 ||| UPGRADING to +1 cloak "Ydum" {rElec Int+7 Dex+2}.
  2080 | D:3      | 2080 ||| DROPPING ring of ice.
  2081 | D:3      | 2081 ||| READING 2 scrolls labelled JISSOQUDGHE.
  2182 | D:3      | 2182 ||| READING 2 scrolls labelled HUUTZYFUOZ.
  2183 | D:3      | 2183 ||| READING scroll labelled YHUNLUI OM WOR.
  2184 | D:3      | 2184 ||| DRINKING 2 puce potions.
  2185 | D:3      | 2185 ||| DRINKING 2 clear potions.
  2186 | D:3      | 2186 ||| DROPPING scroll of silence.
  2187 | D:3      | 2187 ||| DROPPING scroll of vulnerability.
  2205 | D:4      | 2205 ||| STAIRDANCE
  2245 | D:4      | 2245 ||| STAIRDANCE
  2263 | D:4      | 2263 ||| STAIRDANCE
  2272 | D:3      | Reached skill level 5 in Ranged Weapons
  2361 | D:4      | 2361 ||| FLEEEEING.
  2362 | D:4      | 2362 ||| STAIRDANCE
  2480 | D:4      | Reached XP level 5. HP: 41/41 MP: 5/5
  2523 | D:4      | Reached skill level 3 in Fighting
  2605 | D:4      | Noticed an acid dragon
  2617 | D:4      | Killed from afar by an acid dragon

Levels and vault maps discovered:
D:1:      enne_arrival_octagon_isle, layout_basic, nicolae_eternal_life,
          minivault_4, bh_walls_and_bars
D:2:      layout_loops_ring
D:3:      layout_rooms, trog_wizard, nicolae_uskayaw_dance_hall, serial_shops,
          nicolae_shop_overgrown_old_shop, basic_ecumenical_altar,
          serial_bayou_pond_d, kennysheep_pointless_box
D:4:      layout_cave_pools, uniq_crazy_yiuf_cottage, uniq_blork_the_orc,
          uniq_eustachio

Skill      XL: |  1  2  3  4  5 |
---------------+----------------+-----
Ranged Weapons | 3 4 5 |  5.1
Fighting       | 2 3 |  3.7
Armour         | 2 |  2.1
Dodging        | |  2.1
Spellcasting   | |  1.0
Hexes          | |  2.0

Action                     |  1- 3 |  4- 6 || total
---------------------------+-------+-------++-------
   Fire: Sling             |    96 |   149 ||   245
    Use: Scroll            |     2 |     6 ||     8
         Potion            |       |     3 ||     3
 Armour: Ring mail         |    11 |    67 ||    78
         Robe              |     2 |       ||     2
  Dodge: Dodged            |    24 |    80 ||   104

Table legend:
 A = Non-vault XP
 B = Vault XP
 C = Vault XP percentage of total XP
 D = Non-vault monster count
 E = Vault monster count
 F = Vault count percentage of total count
                 A         B        C        D         E       F
            +---------+---------+-------+---------+---------+-------
      Total |     307 |       0 |   0.0 |      66 |       0 |   0.0
            +---------+---------+-------+---------+---------+-------
        D:1 |      37 |       0 |   0.0 |      20 |       0 |   0.0
        D:2 |      82 |       0 |   0.0 |      14 |       0 |   0.0
        D:3 |      60 |       0 |   0.0 |      18 |       0 |   0.0
        D:4 |     128 |       0 |   0.0 |      14 |       0 |   0.0
            +---------+---------+-------+---------+---------+-------
